 Dungeon Crawl Stone Soup version 0.23.0-3-gf3c87f2 (webtiles) character file.

Game seed: 9649715648574384175

32 zishaf the Poker (level 3, -1/28 HPs)
             Began as a Merfolk Gladiator on Feb 20, 2019.
             Slain by Grinder (5 damage)
             ... on level 3 of the Dungeon.
             The game lasted 00:01:43 (759 turns).

zishaf the Poker (Merfolk Gladiator)                 Turns: 759, Time: 00:01:43

Health: -1/28      AC:  4    Str: 14 (15) XL:     3   Next: 27%
Magic:  3/3        EV: 14    Int:  9 (12) God:
Gold:   34         SH:  0    Dex: 14 (15) Spells: 2/2 levels left

rFire    . . .     SeeInvis .   o - +3 quarterstaff
rCold    . . .     Gourm    .   (shield currently unavailable)
rNeg     . . .     Faith    .   b - +0 leather armour
rPois    .         Spirit   .   c - +0 helmet
rElec    .         Reflect  .   (no cloak)
rCorr    .         Harm     .   (no gloves)
MR       .....                  (no boots)
Stlth    +.........             (no amulet)
HPRegen  0.09/turn              (no ring)
MPRegen  0.08/turn              (no ring)

@: brilliant
A: change form in water, swift swim, stealthy swim, deterioration 1, no potion
heal 1, MP-powered wands
a: no special abilities


You were on level 3 of the Dungeon.
You were not hungry.

You visited 1 branch of the dungeon, and saw 3 of its levels.

You collected 34 gold pieces.

Inventory:

Hand Weapons
 a - a +0 trident
 o - a +3 quarterstaff (weapon)
Missiles
 d - 3 throwing nets (quivered)
 e - 24 stones
Armour
 b - a +0 leather armour (worn)
 c - a +0 helmet (worn)
Scrolls
 h - 2 scrolls of blinking {unknown}
 j - a scroll of identify {unknown}
 l - a scroll of immolation {unknown}
Comestibles
 f - 3 rations
 g - 5 chunks of flesh


   Skills:
 + Level 2.9 Fighting
 + Level 5.1 Polearms
 - Level 2.0 Throwing
 + Level 4.6 Dodging


You had 2 spell levels left.
You didn't know any spells.
Your spell library was empty.

Dungeon Overview and Level Annotations

Branches:
Dungeon (3/15)

Altars:
Uskayaw

Annotations:
D:3 Grinder


Innate Abilities, Weirdness & Mutations

You revert to your normal form in water You are very nimble and swift while swimming.
You are very stealthy in the water. (Stealth+)
Your body sometimes deteriorates upon taking damage.
Potions are less effective at restoring your health.
You expend magic power (3 MP) to strengthen your wands.


Message History

Unknown command.
You sock Grinder!
Grinder is severely wounded.
Grinder gestures at you. You resist with significant effort.
You barely miss Grinder.
Grinder is severely wounded.
Grinder gestures at you. Pain shoots through your body!
* * * LOW HITPOINT WARNING * * *
You closely miss Grinder.
Grinder is severely wounded.
Grinder closely misses you.
You hit Grinder.
Grinder is severely wounded.
Grinder gestures at you. Pain shoots through your body!
* * * LOW HITPOINT WARNING * * *
Grinder hits you.
You die...

####### #.....#
#.....# #.....#
#.....# #.....#######
#..)........#
###.#######.#
#.#@5...#.#
#.#..##.#.#
##.#..##.#.#
#..........#
#......#.#.# #####
#......#.### #...#
#......#.# #...#
#......#.# #.!.# .
#......#.#####...##..


You could see Grinder.

Vanquished Creatures
  An adder (D:3)
  A dart slug (D:1)
  A leopard gecko (D:1)
  5 orcs
  2 bats (D:1)
  A giant cockroach (D:1)
  A goblin (D:1)
  A frilled lizard (D:2)
  A kobold (D:1)
  3 rats (D:1)
17 creatures vanquished.

Notes
Turn   | Place    | Note
-------+----------+-------------------------------------------
     0 | D:1      | zishaf the Merfolk Gladiator began the quest for the Orb.
     0 | D:1      | Reached XP level 1. HP: 16/16 MP: 1/1
   205 | D:1      | Reached XP level 2. HP: 23/23 MP: 2/2
   376 | D:1      | You fall through a shaft!
   376 | D:2      | Found a hide-covered altar of Uskayaw.
   472 | D:3      | Reached skill level 5 in Polearms
   472 | D:3      | Reached XP level 3. HP: 16/28 MP: 3/3
   473 | D:3      | Noticed Grinder
   749 | D:2      | Gained mutation: Potions are less effective at restoring
                  | your health. [potion of mutation]
   749 | D:2      | Gained mutation: Your body sometimes deteriorates upon
                  | taking damage. [potion of mutation]
   749 | D:2      | Gained mutation: You expend magic power (3 MP) to
                  | strengthen your wands. [potion of mutation]
   753 | D:3      | Paralysed by Grinder for 3 turns
   759 | D:3      | Slain by Grinder

Skill      XL: |  1  2 |
---------------+-------+-----
Polearms       | 5 |  5.1
Fighting       | |  2.9
Throwing       | |  2.0
Dodging        | |  4.6

Action                   || total
-------------------------++-------
Melee: Trident           ||    36
       Quarterstaff      ||    22
  Use: Potion            ||     4
Armor: Leather armour    ||    14
Dodge: Dodged            ||    33
